TOP OF THE 1ST |
Asheville Tourists batting - Pitching for Knoxville Blue Jays : LHP Mike Madden
|
Pitching: LHP Mike Madden
|
|
Batting: RHB Ulises Infante
|
0-0: Ball 1-0: Foul Ball, location: 2F 1-1: Ball 2-1: Called Strike 2-2: Foul Ball, location: 2F 2-2: Ball 3-2: Base on Balls
|
Batting: SHB Julio Estrada
|
0-0: Ball 1-0: Called Strike 1-1: Called Strike 1-2: Ball 2-2: Foul Ball, location: 2F 2-2: Foul Ball, location: 2F 2-2: Ground out U3 (Groundball, 34S, EV 63.8 MPH) Ulises Infante to second
|
Batting: RHB John Damon
|
0-0: Ball 1-0: Swinging Strike 1-1: Foul Ball, location: 2F 1-2: Ball 2-2: Ball 3-2: Base on Balls
|
Batting: RHB Bill Lindsey
|
0-0: Called Strike 0-1: Foul Ball, location: 2F 0-2: Ball 1-2: Foul Ball, location: 2F 1-2: Grounds into double play, 6-4-3 (Groundball, 6, EV 80.6 MPH)
|
Top of the 1st over - 0 runs, 0 hits, 0 errors, 1 left on base; Asheville 0 - Knoxville 0 |
BOTTOM OF THE 1ST |
Knoxville Blue Jays batting - Pitching for Asheville Tourists : RHP Roger Mason
|
Pitching: RHP Roger Mason
|
|
Batting: SHB Harold Reynolds
|
0-0: Ball 1-0: Swinging Strike 1-1: Ball 2-1: Foul Ball, location: 2F 2-2: Ground out 3-1 (Groundball, 34, EV 108.8 MPH)
|
Batting: RHB Gil Flores
|
0-0: Ball 1-0: Ball 2-0: Called Strike 2-1: Ball 3-1: Base on Balls
|
Batting: LHB Eric Peyton
|
0-0: Ball 1-0: Ball 2-0: Ball 3-0: Called Strike 3-1: Called Strike 3-2: Fly out, F6 (Line Drive, 6, EV 69.4 MPH)
|
Batting: RHB Hector Cruz
|
0-0: Ball 1-0: Ball 2-0: Called Strike 2-1: Foul Ball, location: 2F 2-2: Ball Pickoff Throw to First - Out! 1-3
|
Bottom of the 1st over - 0 runs, 0 hits, 0 errors, 0 left on base; Asheville 0 - Knoxville 0 |
TOP OF THE 2ND |
Asheville Tourists batting - Pitching for Knoxville Blue Jays : LHP Mike Madden
|
Batting: RHB Steven Campbell
|
0-0: Fly out, F4 (Popup, 3D, EV 55.6 MPH)
|
Batting: SHB Dan Hanggie
|
0-0: Called Strike 0-1: Foul Ball, location: 2F 0-2: Ball 1-2: Fly out, F7 (Flyball, 78D, EV 92.5 MPH)
|
Batting: RHB Daniel Gausepohl
|
0-0: Called Strike 0-1: SINGLE (Flyball, 5D, EV 96.9 MPH)
|
Batting: LHB Elias Nava
|
0-0: Ball 1-0: Ball 2-0: Called Strike 2-1: Ball 3-1: Called Strike 3-2: Fly out, F8 (Flyball, 8RM, EV 90.6 MPH)
|
Top of the 2nd over - 0 runs, 1 hit, 0 errors, 1 left on base; Asheville 0 - Knoxville 0 |
BOTTOM OF THE 2ND |
Knoxville Blue Jays batting - Pitching for Asheville Tourists : RHP Roger Mason
|
Batting: RHB Hector Cruz
|
0-0: Ground out 6-3 (Groundball, 6, EV 103.8 MPH)
|
Batting: RHB Wil Culmer
|
0-0: Ball 1-0: Foul Ball, location: 2F 1-1: SINGLE (Groundball, 6MD, EV 100.6 MPH)
|
Batting: RHB Alex Villalobos
|
0-0: Ball Wil Culmer steals 2nd base 1-0: Ball 2-0: Foul Ball, location: 2F 2-1: Ball 3-1: Called Strike 3-2: Foul Ball, location: 2F 3-2: Foul Ball, location: 2F 3-2: Fly out, F7 (Flyball, 7LS, EV 88.8 MPH)
|
Batting: RHB Carlos Espinoza
|
0-0: Ball 1-0: Foul Ball, location: 2F 1-1: Fly out, F7 (Flyball, 78M, EV 93.1 MPH)
|
Bottom of the 2nd over - 0 runs, 1 hit, 0 errors, 1 left on base; Asheville 0 - Knoxville 0 |
TOP OF THE 3RD |
Asheville Tourists batting - Pitching for Knoxville Blue Jays : LHP Mike Madden
|
Batting: RHB Jack Ramirez
|
0-0: Bunted foul 0-1: Ball 1-1: Swinging Strike 1-2: SINGLE (Groundball, 4MD, EV 97.5 MPH)
|
Batting: RHB Ulises Infante
|
0-0: Ball Jack Ramirez steals 2nd base 1-0: Ball 2-0: Ball 3-0: Called Strike 3-1: Base on Balls
|
Batting: SHB Julio Estrada
|
0-0: Called Strike 0-1: Ball 1-1: Swinging Strike 1-2: Foul Ball, location: 2F 1-2: Ball 2-2: Fly out, F9 (Flyball, 89M, EV 91.9 MPH) Runner from 2nd tags up, SAFE at 3rd with throw by RF
|
Batting: RHB John Damon
|
0-0: Called Strike 0-1: Swinging Strike 0-2: Foul Ball, location: 2F 0-2: Ball 1-2: Foul Ball, location: 2F 1-2: Ball Ulises Infante is caught stealing 2nd base 2-4 2-2: Strikes out swinging
|
Top of the 3rd over - 0 runs, 1 hit, 0 errors, 1 left on base; Asheville 0 - Knoxville 0 |
BOTTOM OF THE 3RD |
Knoxville Blue Jays batting - Pitching for Asheville Tourists : RHP Roger Mason
|
Batting: RHB Mike Keister
|
0-0: Ball 1-0: Swinging Strike 1-1: Called Strike 1-2: Ball 2-2: Strikes out swinging
|
Batting: RHB Danny Hernandez
|
0-0: Ball 1-0: Foul Ball, location: 2F 1-1: Swinging Strike 1-2: Strikes out swinging
|
Batting: SHB Harold Reynolds
|
0-0: Ball 1-0: Called Strike 1-1: Swinging Strike 1-2: SINGLE (Line Drive, 6MD, EV 94.4 MPH)
|
Batting: RHB Gil Flores
|
0-0: Ball 1-0: Called Strike 1-1: Ground out 4-3 (Groundball, 4, EV 106.9 MPH)
|
Bottom of the 3rd over - 0 runs, 1 hit, 0 errors, 1 left on base; Asheville 0 - Knoxville 0 |
TOP OF THE 4TH |
Asheville Tourists batting - Pitching for Knoxville Blue Jays : LHP Mike Madden
|
Batting: RHB Bill Lindsey
|
0-0: Ball 1-0: Called Strike 1-1: Ball 2-1: Ball 3-1: Ground out 6-3 (Groundball, 6, EV 91.9 MPH)
|
Batting: RHB Steven Campbell
|
0-0: Called Strike 0-1: Ground out 6-3 (Groundball, 6, EV 106.9 MPH)
|
Batting: SHB Dan Hanggie
|
0-0: Ball 1-0: Called Strike 1-1: Fly out, F4 (Line Drive, 4, EV 71.9 MPH)
|
Top of the 4th over - 0 runs, 0 hits, 0 errors, 0 left on base; Asheville 0 - Knoxville 0 |
BOTTOM OF THE 4TH |
Knoxville Blue Jays batting - Pitching for Asheville Tourists : RHP Roger Mason
|
Batting: LHB Eric Peyton
|
0-0: Called Strike 0-1: Fly out, F8 (Line Drive, 8LD, EV 96.9 MPH)
|
Batting: RHB Hector Cruz
|
0-0: Ball 1-0: Called Strike 1-1: Fly out, F8 (Flyball, 8RM, EV 90.0 MPH)
|
Batting: RHB Wil Culmer
|
0-0: Called Strike 0-1: Ball 1-1: Ball 2-1: Ball 3-1: Foul Ball, location: 2F 3-2: Fly out, F8 (Flyball, 8LD, EV 106.3 MPH)
|
Bottom of the 4th over - 0 runs, 0 hits, 0 errors, 0 left on base; Asheville 0 - Knoxville 0 |
TOP OF THE 5TH |
Asheville Tourists batting - Pitching for Knoxville Blue Jays : LHP Mike Madden
|
Batting: RHB Daniel Gausepohl
|
0-0: Ball 1-0: Ball 2-0: Ball 3-0: Base on Balls
|
Batting: LHB Elias Nava
|
0-0: Sac Bunt to 25 - play at first, batter OUT! 5-3 Daniel Gausepohl to second
|
Batting: RHB Jack Ramirez
|
0-0: Ground out 4-3 (Groundball, 4, EV 76.3 MPH) Daniel Gausepohl to third
|
Batting: RHB Ulises Infante
|
0-0: Swinging Strike 0-1: Called Strike 0-2: Ball 1-2: Foul Ball, location: 2F 1-2: Foul Ball, location: 2F 1-2: Ball 2-2: Ball 3-2: Ground out 5-3 (Groundball, 56S, EV 82.5 MPH)
|
Top of the 5th over - 0 runs, 0 hits, 0 errors, 1 left on base; Asheville 0 - Knoxville 0 |
BOTTOM OF THE 5TH |
Knoxville Blue Jays batting - Pitching for Asheville Tourists : RHP Roger Mason
|
Batting: RHB Alex Villalobos
|
0-0: Ball 1-0: Ball 2-0: Called Strike 2-1: Ball 3-1: Base on Balls
|
Batting: RHB Carlos Espinoza
|
0-0: Bunted foul 0-1: Bunt missed! 0-2: Ball 1-2: Ground out 5-3 (Groundball, 25, EV 67.5 MPH) Alex Villalobos to second
|
Batting: RHB Mike Keister
|
0-0: Called Strike 0-1: Fly out, F4 (Popup, 4M, EV 61.3 MPH)
|
Batting: RHB Danny Hernandez
|
0-0: Ground out 5-3 (Groundball, 56S, EV 93.8 MPH)
|
Bottom of the 5th over - 0 runs, 0 hits, 0 errors, 1 left on base; Asheville 0 - Knoxville 0 |
TOP OF THE 6TH |
Asheville Tourists batting - Pitching for Knoxville Blue Jays : LHP Mike Madden
|
Batting: SHB Julio Estrada
|
0-0: Ball 1-0: Foul Ball, location: 2F 1-1: Ball 2-1: Ball 3-1: Base on Balls
|
Batting: RHB John Damon
|
0-0: Swinging Strike 0-1: Ball 1-1: Called Strike 1-2: Foul Ball, location: 2F 1-2: Ball Julio Estrada is caught stealing 2nd base 2-4 2-2: Ball 3-2: Base on Balls
|
Batting: RHB Bill Lindsey
|
0-0: Ball 1-0: Ball 2-0: Ball 3-0: Called Strike 3-1: Base on Balls John Damon to second
|
Batting: RHB Steven Campbell
|
0-0: Called Strike John Damon steals 3rd base 0-1: Foul Ball, location: 2F 0-2: Ball Wild Pitch! John Damon scores Bill Lindsey to second 1-2: Ball 2-2: Fly out, F5 (Line Drive, 5, EV 65.0 MPH)
|
Batting: SHB Dan Hanggie
|
0-0: Ball 1-0: Foul Ball, location: 2F 1-1: Foul Ball, location: 2F 1-2: SINGLE (Groundball, 6MD, EV 108.1 MPH) Bill Lindsey to third
|
Batting: RHB Daniel Gausepohl
|
0-0: Fielders Choice at 2nd, 6-4 (Groundball, 6, EV 86.3 MPH)
|
Top of the 6th over - 1 run, 1 hit, 0 errors, 2 left on base; Asheville 1 - Knoxville 0 |
BOTTOM OF THE 6TH |
Knoxville Blue Jays batting - Pitching for Asheville Tourists : RHP Roger Mason
|
Batting: SHB Harold Reynolds
|
0-0: Called Strike 0-1: Called Strike 0-2: Ball 1-2: Ball 2-2: Foul Ball, location: 2F 2-2: Fly out, F7 (Line Drive, 7, EV 96.3 MPH)
|
Batting: RHB Gil Flores
|
0-0: Foul Ball, location: 2F 0-1: Ball 1-1: Ground out U3 (Groundball, 34S, EV 91.3 MPH)
|
Batting: LHB Eric Peyton
|
0-0: Ball 1-0: Foul Ball, location: 2F 1-1: Ball 2-1: Foul Ball, location: 2F 2-2: Foul Ball, location: 2F 2-2: Foul Ball, location: 2F 2-2: Foul Ball, location: 2F 2-2: Foul Ball, location: 2F 2-2: Ball 3-2: Fly out, F8 (Flyball, 8LXD, EV 110.0 MPH)
|
Bottom of the 6th over - 0 runs, 0 hits, 0 errors, 0 left on base; Asheville 1 - Knoxville 0 |
TOP OF THE 7TH |
Asheville Tourists batting - Pitching for Knoxville Blue Jays : LHP Mike Madden
|
Batting: LHB Elias Nava
|
0-0: Foul Ball, location: 2F 0-1: Foul Ball, location: 2F 0-2: Strikes out swinging
|
Batting: RHB Jack Ramirez
|
0-0: Ball 1-0: Called Strike 1-1: Swinging Strike 1-2: Foul Ball, location: 2F 1-2: Foul Ball, location: 2F 1-2: Ball 2-2: Ball 3-2: Ground out 4-3 (Groundball, 4, EV 88.8 MPH)
|
Batting: RHB Ulises Infante
|
0-0: Called Strike 0-1: Ball 1-1: Fly out, F9 (Flyball, 89M, EV 91.9 MPH)
|
Top of the 7th over - 0 runs, 0 hits, 0 errors, 0 left on base; Asheville 1 - Knoxville 0 |
BOTTOM OF THE 7TH |
Knoxville Blue Jays batting - Pitching for Asheville Tourists : RHP Roger Mason
|
Batting: RHB Hector Cruz
|
0-0: Fly out, F9 (Flyball, 9LM, EV 90.0 MPH)
|
Batting: RHB Wil Culmer
|
0-0: Ball 1-0: Called Strike 1-1: Ball 2-1: Fly out, F4 (Flyball, 4D, EV 85.0 MPH)
|
Batting: RHB Alex Villalobos
|
0-0: Ball 1-0: Ball 2-0: Fly out, F8 (Flyball, 8LD, EV 98.8 MPH)
|
Bottom of the 7th over - 0 runs, 0 hits, 0 errors, 0 left on base; Asheville 1 - Knoxville 0 |
TOP OF THE 8TH |
Asheville Tourists batting - Pitching for Knoxville Blue Jays : LHP Mike Madden
|
Batting: SHB Julio Estrada
|
0-0: Fly out, F3 (Flyball, 3D, EV 88.1 MPH)
|
Batting: RHB John Damon
|
0-0: Called Strike 0-1: Foul Ball, location: 2F 0-2: Ball 1-2: Fly out, F7 (Flyball, 7, EV 90.6 MPH)
|
Batting: RHB Bill Lindsey
|
0-0: Called Strike 0-1: Ball 1-1: Ball 2-1: Ground out 4-3 (Groundball, 4, EV 92.5 MPH)
|
Top of the 8th over - 0 runs, 0 hits, 0 errors, 0 left on base; Asheville 1 - Knoxville 0 |
BOTTOM OF THE 8TH |
Knoxville Blue Jays batting - Pitching for Asheville Tourists : RHP Roger Mason
|
Batting: RHB Carlos Espinoza
|
0-0: Ball 1-0: Swinging Strike 1-1: Ball 2-1: Called Strike 2-2: Ball 3-2: Foul Ball, location: 2F 3-2: Foul Ball, location: 2F 3-2: Ground out 6-3 (Groundball, 56S, EV 86.3 MPH)
|
Batting: RHB Mike Keister
|
0-0: Called Strike 0-1: SINGLE (Groundball, 56, EV 98.1 MPH) (infield hit)
|
Batting: RHB Danny Hernandez
|
0-0: Sac Bunt to 3S - play at first, batter OUT! 3-1 Mike Keister to second
|
Batting: SHB Harold Reynolds
|
0-0: Called Strike 0-1: Called Strike 0-2: Fly out, F7 (Flyball, 7LS, EV 93.8 MPH)
|
Bottom of the 8th over - 0 runs, 1 hit, 0 errors, 1 left on base; Asheville 1 - Knoxville 0 |
TOP OF THE 9TH |
Asheville Tourists batting - Pitching for Knoxville Blue Jays : LHP Mike Madden
|
Pitching: LHP Carlos A Diaz
|
|
Batting: RHB Steven Campbell
|
0-0: Ground out 4-3 (Groundball, 4, EV 111.3 MPH)
|
Batting: SHB Dan Hanggie
|
0-0: Ball 1-0: Foul Ball, location: 2F 1-1: Foul Ball, location: 2F 1-2: Ball 2-2: Foul Ball, location: 2F 2-2: Foul Ball, location: 2F 2-2: Foul Ball, location: 2F 2-2: Ball 3-2: SINGLE (Groundball, 56D, EV 101.3 MPH)
|
Batting: RHB Daniel Gausepohl
|
0-0: Called Strike 0-1: Ball 1-1: Ball 2-1: Ball 3-1: Base on Balls Dan Hanggie to second
|
Batting: LHB Elias Nava
|
0-0: Called Strike 0-1: Swinging Strike 0-2: Foul Ball, location: 2F 0-2: Strikes out swinging
|
Batting: RHB Jack Ramirez
|
0-0: Ball 1-0: Ground out 4-3 (Groundball, 4, EV 87.5 MPH)
|
Top of the 9th over - 0 runs, 1 hit, 0 errors, 2 left on base; Asheville 1 - Knoxville 0 |
BOTTOM OF THE 9TH |
Knoxville Blue Jays batting - Pitching for Asheville Tourists : RHP Roger Mason
|
Batting: RHB Gil Flores
|
0-0: Ball 1-0: Called Strike 1-1: Ball 2-1: Ground out 4-3 (Groundball, 34, EV 111.9 MPH)
|
Batting: LHB Eric Peyton
|
0-0: Ball 1-0: Fly out, F7 (Flyball, 7, EV 84.4 MPH)
|
Batting: RHB Hector Cruz
|
0-0: Called Strike 0-1: Called Strike 0-2: Foul Ball, location: 2F 0-2: Ball 1-2: Foul Ball, location: 2F 1-2: Ball 2-2: Ball 3-2: Fly out, F8 (Flyball, 78M, EV 97.5 MPH)
|
Bottom of the 9th over - 0 runs, 0 hits, 0 errors, 0 left on base; Asheville 1 - Knoxville 0 |
|